 Dungeon Crawl Stone Soup version 0.31-a0-940-gdaa99269f9 (webtiles) character file.

Game seed: 1306905555177226351

1190 jasper the Skirmisher (level 8, -6/41 HPs)
             Began as a Deep Elf Summoner on Oct 19, 2023.
             Mangled by an ogre
             ... wielding a +0 giant spiked club
              (14 damage)
             ... on level 6 of the Dungeon on Oct 20, 2023.
             The game lasted 00:12:27 (5159 turns).

jasper the Skirmisher (Deep Elf Summoner)           Turns: 5159, Time: 00:12:28

Health: -6/41      AC:  3    Str:  5    XL:     8   Next: 20%
Magic:  11/14      EV: 27    Int: 23    God:
Gold:   276        SH:  0    Dex: 15    Spells: 0/13 levels left

rFire   . . .        x - +0 shortbow
rCold   . . .        (shield currently unavailable)
rNeg    . . .        a - +0 robe
rPois   .            (no helmet)
rElec   .            k - +0 cloak
rCorr   .            (no gloves)
SInv    +            (no boots)
Will    .....        j - amulet of the acrobat
Stlth   ++           r - ring of see invisible
HPRegen 0.26/turn    (no ring)
MPRegen 0.14/turn

%: acrobat
@: acrobatic
A: no striking features
a: no special abilities


You were on level 6 of the Dungeon.
You visited 2 branches of the dungeon, and saw 7 of its levels.

You collected 276 gold pieces.

Inventory:

Hand Weapons
 e - a +0 club
 g - a +0 sling
 x - a +0 shortbow (weapon)
Missiles
 f - 45 stones
 w - a throwing net
Armour
 a - a +0 robe (worn)
 k - a +0 cloak (worn)
Jewellery
 j - an amulet of the acrobat (around neck)
 r - a ring of see invisible (left hand)
Wands
 q - a wand of roots (7)
Scrolls
 b - 2 scrolls of enchant weapon {unknown}
 c - 2 scrolls of teleportation
 d - 2 scrolls of noise {unknown}
 l - a scroll of poison {unknown}
 m - 2 scrolls of revelation {unknown}
 n - a scroll of silence {unknown}
 s - 3 scrolls of identify {unknown}
 t - a scroll of enchant armour {unknown}
 v - a scroll of brand weapon {unknown}
Potions
 h - a potion of mutation {unknown}
 i - a potion of ambrosia {unknown}
 o - a potion of degeneration {unknown}
 p - a potion of magic
 u - 2 potions of might {unknown}


   Skills:
 + Level 10.4 Ranged Weapons
 - Level 2.4 Dodging
 - Level 2.4 Stealth
 - Level 3.0 Spellcasting
 - Level 6.7 Summonings
 + Level 2.8 Air Magic


You couldn't memorise any spells.
You knew the following spells:

 Your Spells              Type           Power      Damage    Failure   Level
a - Summon Small Mammal   Summ           100%       N/A       1%          1
b - Call Imp              Summ           68%        N/A       1%          2
c - Call Canine Familiar  Summ           34%        N/A       2%          3
d - Summon Guardian Gole  Hex/Summ       18%        N/A       9%          3
e - Summon Lightning Spi  Summ/Air       25%        N/A       16%         4

Your spell library contained the following spells:

 Spells                   Type           Power      Damage    Failure   Level
 Apportation              Tloc           6%         N/A       12%         1
 Necrotise                Necr           12%        1d4       12%         1
 Jinxbite                 Hex            6%         N/A       17%         2
 Vampiric Draining        Necr           3%         2d6       34%         3
 Agony                    Necr           3%         N/A       97%         5
 Alistair's Intoxication  Tmut/Pois      2%         N/A       97%         5


Dungeon Overview and Level Annotations

Branches:
Dungeon (6/15)             Temple (1/1) D:5

Altars:
Cheibriados
Elyvilon
Gozag
Hepliaklqana
Kikubaaqudgha
Makhleb
Nemelex Xobeh
Qazlal
Ru
Trog
Vehumet
Wu Jian
Zin

Shops:
D:1 (   D:3 :

Annotations:
D:2 Natasha
D:5 Sigmund


Message History

The water moccasin dies!
Your Air Magic skill increases to level 2!
Casting: Call Canine Familiar (dangerous; 2% risk of failure)
Confirm with . or Enter, or press ? or * to list all spells.
Okay, then.
Your wolf disappears in a puff of smoke!
HP restored.
Found an escape hatch in the ceiling.
s - 3 scrolls labelled RONWUA XYLA (gained 1) Health restored: 41 You now have 276 gold pieces (gained 10).
An ogre is nearby!
Fire: x) +0 shortbow
Press: ? - help, Q - select action, (/) - cycle Shift-Dir - straight line, f - ogre
Aim: an ogre, wielding a +0 giant spiked club (wandering, hasn't noticed you, 77% to hit)
You shoot an arrow. The ogre shouts!
The arrow hits the ogre!
The ogre is moderately wounded.
Casting: Call Canine Familiar (dangerous; 2% risk of failure)
Confirm with . or Enter, or press ? or * to list all spells.
You now have 11/14 mp.
Fire: x) +0 shortbow
Press: ? - help, Q - select action, (/) - cycle Shift-Dir - straight line, f/p - ogre
Aim: an ogre, wielding a +0 giant spiked club (moderately wounded, ally target, 77% to hit)
You shoot an arrow. The arrow hits the ogre!
The ogre is heavily wounded.
Your hound barely misses the ogre.
The ogre hits you with a +0 giant spiked club!!
Ouch! That really hurt!
* * * LOW HITPOINT WARNING * * *
You take 34 damage, and have 7/41 hp.
MASSIVE DAMAGE!!
Fire: x) +0 shortbow
Press: ? - help, Q - select action, (/) - cycle Shift-Dir - straight line, f/p - ogre
Aim: an ogre, wielding a +0 giant spiked club (heavily wounded, ally target, 77% to hit)
You shoot an arrow. The arrow barely misses the ogre.
Your hound barely misses the ogre.
Your hound bites the ogre.
The ogre attacks as it pursues you!
The ogre hits you with a +0 giant spiked club!
You die...

.......... #..
.........###...
.............!.
#.......... ##
..#...)...# ..##
#......)h.# ...
......<.<†## ..# .
#.........O###..#...
##.....##..@........
....................
##.....#...........#
#......##.......##.#
#.................#
#.......#....##....
. ....###.........
.... #.....##.. ....
#.....# ..


You could see an ogre (ally target) and a friendly hound (summoned).

Vanquished Creatures
  Menkaure (D:6)
  A phantom (D:5)
  A centaur (D:6)
  A scorpion (D:4)
  A jelly (D:4)
  A hound (D:4)
  4 gnolls (D:5)
  An adder (D:4)
  An ufetubus (D:5)
  A dart slug (D:3)
  11 orcs
  2 ball pythons (D:4)
  3 bats (D:3)
  5 endoplasms
  2 giant cockroaches (D:4)
  4 goblins
  A kobold (D:3)
  2 rats (D:3)
43 creatures vanquished.

Vanquished Creatures (collateral kills)
  2 water moccasins (D:6)
  An ogre (D:4)
  An orc priest (D:4)
  A hound (D:4)
  An iron imp (D:5)
  A sleepcap (D:4)
  2 iguanas
  2 orc wizards
  Robin (D:2)
  7 gnolls
  6 adders
  An ufetubus (D:5)
  A worm (D:2)
  A dart slug (D:3)
  11 orcs
  4 ball pythons
  4 endoplasms
  A giant cockroach (D:2)
  7 goblins
  5 hobgoblins
  3 jackals (D:2)
  3 quokkas
  A bat (D:1)
  3 frilled lizards
  3 kobolds
  5 rats
78 creatures vanquished.

Grand Total: 121 creatures vanquished

Notes
Turn   | Place    | Note
-------+----------+-------------------------------------------
     0 | D:1      | jasper the Deep Elf Summoner began the quest for the Orb.
     0 | D:1      | Reached XP level 1. HP: 10/10 MP: 6/6
   222 | D:1      | Found Xuaboggire's Weapon Emporium.
   304 | D:1      | Reached XP level 2. HP: 15/15 MP: 6/8
   362 | D:1      | Reached skill level 5 in Summonings
   440 | D:1      | Learned a level 2 spell: Call Imp
   715 | D:1      | You fall into a shaft and drop 1 floor!
   828 | D:2      | Reached XP level 3. HP: 19/19 MP: 9/9
   832 | D:2      | Learned a level 3 spell: Call Canine Familiar
   977 | D:2      | Noticed Robin
   991 | D:2      | Killed Robin
  1087 | D:2      | Noticed Natasha
  1250 | D:3      | Reached XP level 4. HP: 24/24 MP: 10/10
  1500 | D:3      | Found a glowing silver altar of Zin.
  1500 | D:3      | Found an opulent altar of Gozag.
  1581 | D:3      | Found Puulas's Vocational Training.
  1738 | D:3      | Reached skill level 1 in Ranged Weapons
  2096 | D:4      | Reached skill level 2 in Ranged Weapons
  2096 | D:4      | Reached XP level 5. HP: 28/28 MP: 11/11
  2106 | D:4      | Reached skill level 3 in Ranged Weapons
  2304 | D:4      | Reached skill level 4 in Ranged Weapons
  2309 | D:4      | Noticed an ogre
  2322 | D:4      | Killed an ogre
  2323 | D:4      | Reached skill level 5 in Ranged Weapons
  2323 | D:4      | Reached XP level 6. HP: 28/32 MP: 5/12
  2635 | D:4      | Reached skill level 6 in Ranged Weapons
  2666 | D:4      | Upgraded the game from 0.31-a0-931-g7b59d4eb97 to
                  | 0.31-a0-940-gdaa99269f9
  2795 | D:4      | Reached skill level 7 in Ranged Weapons
  3232 | D:5      | Entered Level 5 of the Dungeon
  3233 | D:5      | Noticed Sigmund
  3295 | D:5      | Reached XP level 7. HP: 20/36 MP: 9/13
  3371 | D:5      | Found a staircase to the Ecumenical Temple.
  3382 | Temple   | Entered the Ecumenical Temple
  3756 | D:5      | Reached skill level 8 in Ranged Weapons
  3820 | D:5      | Found a snail-covered altar of Cheibriados.
  4013 | D:5      | Found a radiant altar of Vehumet.
  4246 | D:5      | Reached skill level 9 in Ranged Weapons
  4915 | D:6      | Noticed Menkaure
  4929 | D:6      | Killed Menkaure
  4930 | D:6      | Reached skill level 10 in Ranged Weapons
  4934 | D:6      | Learned a level 3 spell: Summon Guardian Golem
  4975 | D:6      | Reached XP level 8. HP: 14/41 MP: 4/14
  4983 | D:6      | Learned a level 4 spell: Summon Lightning Spire
  5091 | D:6      | Reached skill level 1 in Air Magic
  5159 | D:6      | Mangled by an ogre

Illustrated notes

Levels and vault maps discovered:
D:1:      ebering_trefoil_twist, layout_basic, serial_shops, shop
D:2:      layout_loops_ring, uniq_natasha, uniq_crazy_yiuf_cottage, uniq_robin
D:3:      layout_rooms, grunt_temple_overflow_gold_and_silver,
          nicolae_shop_vocational
D:4:      layout_loops_corners, chequers_serial_rivers_micro_b,
          kennysheep_crisscross
D:5:      layout_gridville, slow_altar_2, kennysheep_mini_moat,
          minmay_temple_entry_junction, uniq_sigmund
D:6:      layout_cave_pools, led_xom_imps, mainiacjoe_overflow_cross_hatched,
          lemuel_blue_sif_altar, nicolae_dithmenos_through_a_glass_darkly,
          yredelemnul_forgotten_temple_becter, evilmike_ruin_ashenzari,
          uniq_edmund, uniq_prince_ribbit1, uniq_menkaure
Temple:   hellmonk_temple_rainy

Skill      XL: |  1  2  3  4  5  6  7  8 |
---------------+-------------------------+-----
Summonings     | 5 6 |  6.7
Ranged Weapons | 2 5 7 10 | 10.4
Air Magic      | 2 |  2.8
Dodging        | |  2.4
Stealth        | |  2.4
Spellcasting   | |  3.0

Action                     |  1- 3 |  4- 6 |  7- 9 || total
---------------------------+-------+-------+-------++-------
  Melee: Club              |    22 |       |       ||    22
   Fire: Sling             |     2 |   212 |    96 ||   310
         Shortbow          |       |       |     4 ||     4
   Cast: Summon Small Mamm |    21 |       |       ||    21
         Call Imp          |     4 |     2 |     3 ||     9
         Call Canine Famil |    10 |    21 |    18 ||    49
  Evoke: Wand              |       |       |     1 ||     1
    Use: Potion            |     5 |       |       ||     5
         Scroll            |     2 |       |       ||     2
   Stab: Sleeping          |     1 |       |       ||     1
 Armour: Robe              |    23 |    80 |    47 ||   150
  Dodge: Dodged            |    30 |    85 |    65 ||   180

Table legend: (Time is in decaauts)
 A = Elapsed time spent in this place.
 B = Non-inter-level travel time spent in this place.
 C = Inter-level travel time spent in this place.
 D = Time resting spent in this place.
 E = Time spent auto-exploring this place.
 F = Levels seen in this place.
 G = Mean time per level.
                   A        B        C        D        E       F      G
               +--------+--------+--------+--------+--------+-----+--------+
         Total |   5230 |   4978 |    252 |    300 |   3567 |   7 |  747.1 |
       Dungeon |   5213 |   4961 |    252 |    300 |   3567 |   6 |  868.8 |
        Temple |     17 |     17 |      0 |      0 |      0 |   1 |   17.0 |
               +--------+--------+--------+--------+--------+-----+--------+

Top non-repeatable levels by time:
     D:5: 1652 daAuts
     D:4: 1391 daAuts
     D:3: 809 daAuts
     D:1: 715 daAuts
     D:2: 406 daAuts
     D:6: 238 daAuts
  Temple: 17 daAuts
